 Dungeon Crawl Stone Soup version 0.26-a0-278-g3b0d5afba5 (webtiles) character file.

Game seed: 4047274467342773811

555 BritishOli the Skirmisher (level 7, -21/62 HPs)
             Began as a Hill Orc Fighter on July 12, 2020.
             Killed from afar by Dowan (22 damage)
             ... with a shard of ice
             ... on level 5 of the Dungeon.
             The game lasted 00:02:57 (4661 turns).

BritishOli the Skirmisher (Hill Orc Fighter)        Turns: 4661, Time: 00:02:57

Health: -21/62     AC:  8    Str: 21    XL:     7   Next: 30%
Magic:  7/7        EV:  7    Int:  8    God:
Gold:   263        SH: 10    Dex: 10    Spells: 6/6 levels left

rFire    . . .     SeeInvis .   a - +0 long sword
rCold    . . .     Faith    .   c - +0 kite shield
rNeg     . . .     Spirit   .   b - +0 scale mail
rPois    .         Reflect  .   (no helmet)
rElec    .         Harm     .   l - +0 cloak
rCorr    .                      (no gloves)
MR       .....                  (no boots)
Stlth    ..........             (no amulet)
HPRegen  0.20/turn              (no ring)
MPRegen  0.10/turn              (no ring)

@: lethally poisoned (-21 -> -28), glowing
A: no striking features
a: no special abilities


You were on level 5 of the Dungeon.
You visited 1 branch of the dungeon, and saw 5 of its levels.

You collected 263 gold pieces.

Inventory:

Hand Weapons
 a - a +0 long sword (weapon)
Armour
 b - a +0 scale mail (worn)
 c - a +0 kite shield (worn)
 l - a +0 cloak (worn)
Jewellery
 e - an uncursed ring of positive energy {unknown}
 h - an uncursed ring of flight {unknown}
Wands
 q - a wand of digging (3)
Scrolls
 f - a scroll of enchant weapon {unknown}
 g - a scroll of noise {unknown}
 i - 5 scrolls of identify {unknown}
 k - 2 scrolls of teleportation {unknown}
 m - a scroll of amnesia {unknown}
 p - 6 scrolls of remove curse {unknown}
 s - a scroll of enchant armour {unknown}
 t - a scroll of blinking {unknown}
 u - a scroll of immolation {unknown}
Potions
 d - a potion of might
 j - a potion of invisibility {unknown}
 n - 4 potions of lignification {unknown}
 o - a potion of degeneration {unknown}
 r - a potion of flight {unknown}
 v - a potion of ambrosia {unknown}


   Skills:
 + Level 5.8 Fighting
 + Level 4.6 Long Blades
 + Level 5.2 Armour
 + Level 5.2 Shields


You had 6 spell levels left.
You didn't know any spells.
Your spell library was empty.

Dungeon Overview and Level Annotations

Branches:
Dungeon (5/15)
 Temple: D:4-7

Altars:

Annotations:
D:5 Dowan


Message History

You hit Duvessa but do no damage.
Duvessa is severely wounded.
Duvessa is no longer moving quickly.
You block Duvessa's attack.
Dowan hits you with a +3 dagger of venom.
* * * LOW HITPOINT WARNING * * *
Duvessa barely misses you.
You slash Duvessa!
You kill Duvessa!
Dowan screams, "No!
Oh no!"
Dowan seems to find hidden reserves of power!
Dowan says, "Her death will not be in vain!"
Dowan hits you but does no damage.
You are poisoned.
Dowan hits you but does no damage.
You are lethally poisoned!
* * * LOW HITPOINT WARNING * * *
You feel sick. Dowan gestures at you while chanting.
The shard of ice hits you!!
You die...

#.####.#.# #.#
#.#.# #.#
#.#.#########
#.####.#.........#
#......#########.#
######## #.# #e#
#.# #@# #.# #.#
#.# #.. #.# ###


You could see Dowan (fast, resistant).

Vanquished Creatures
  Duvessa (D:5)
  A scorpion (D:4)
  2 orc priests (D:3)
  Crazy Yiuf (D:2)
  A centaur skeleton (D:4)
  A gnoll shaman (D:3)
  An iguana (D:4)
  A worker ant (D:4)
  A hound skeleton (D:4)
  7 gnolls
  2 adders (D:3)
  3 oozes
  4 worms
  2 dart slugs
  3 leopard geckos
  14 orcs
  2 giant cockroaches
  4 hobgoblins
  8 jackals
  8 kobolds
  3 quokkas
  13 bats
  2 frilled lizards
  10 goblins
  A jackal skeleton (D:4)
  A leopard gecko skeleton (D:4)
  4 rats
101 creatures vanquished.

Notes
Turn   | Place    | Note
-------+----------+-------------------------------------------
     0 | D:1      | BritishOli the Hill Orc Fighter began the quest for the
                  | Orb.
     0 | D:1      | Reached XP level 1. HP: 19/19 MP: 1/1
   125 | D:1      | Reached XP level 2. HP: 25/27 MP: 2/2
   355 | D:1      | Reached XP level 3. HP: 16/33 MP: 3/3
  1526 | D:2      | Reached XP level 4. HP: 40/40 MP: 4/4
  2291 | D:2      | Found a runed translucent door.
  2292 | D:2      | Noticed Crazy Yiuf
  2664 | D:2      | Killed Crazy Yiuf
  2664 | D:2      | Reached XP level 5. HP: 39/47 MP: 5/5
  3169 | D:2      | Reached skill level 5 in Fighting
  3169 | D:2      | Reached XP level 6. HP: 32/56 MP: 6/6
  4201 | D:4      | Reached skill level 5 in Shields
  4382 | D:4      | Reached skill level 5 in Armour
  4386 | D:4      | Reached XP level 7. HP: 58/61 MP: 7/7
  4603 | D:5      | Entered Level 5 of the Dungeon
  4639 | D:5      | Noticed Duvessa
  4640 | D:5      | Noticed Dowan
  4659 | D:5      | HP: 3/61 [Dowan/+3 dagger of venom (3)]
  4660 | D:5      | Killed Duvessa
  4661 | D:5      | HP: 1/62 [poisoned by Dowan]
  4661 | D:5      | Killed from afar by Dowan

Illustrated notes

Levels and vault maps discovered:
D:1:      minmay_arrival_jagged, layout_basic
D:2:      layout_loops_ring, corexii_shack, uniq_crazy_yiuf_cottage
D:3:      layout_loops_ring
D:4:      layout_cave_pools, solitary_fountain, hex_medium
D:5:      layout_basic, minmay_temple_entry_statues_fountains, enter_ossuary_5,
          tgw_kikubaaqudgha, uniq_duvessa, uniq_blork_the_orc, uniq_pikel

Skill      XL: |  1  2  3  4  5  6 |
---------------+-------------------+-----
Fighting       | 4 5 |  5.8
Long Blades    | 3 4 |  4.6
Shields        | 4 5 |  5.2
Armour         | 4 5 |  5.2

Action                   |  1- 3 |  4- 6 |  7- 9 || total
-------------------------+-------+-------+-------++-------
Melee: Long sword        |   149 |   238 |    21 ||   408
Armor: Scale mail        |   107 |   102 |     8 ||   217
Dodge: Dodged            |    69 |    79 |     9 ||   157
Block: Kite shield       |   114 |   148 |    10 ||   272
       Rpst.: Long sword |    25 |    21 |     3 ||    49

Table legend:
 A = Non-vault XP
 B = Vault XP
 C = Vault XP percentage of total XP
 D = Non-vault monster count
 E = Vault monster count
 F = Vault count percentage of total count
                 A         B        C        D         E       F
            +---------+---------+-------+---------+---------+-------
      Total |     622 |     171 |  21.6 |      98 |       3 |   3.0
            +---------+---------+-------+---------+---------+-------
        D:1 |      97 |       0 |   0.0 |      33 |       0 |   0.0
        D:2 |      70 |      41 |  36.9 |      15 |       2 |  11.8
        D:3 |     232 |       0 |   0.0 |      32 |       0 |   0.0
        D:4 |     223 |       0 |   0.0 |      18 |       0 |   0.0
        D:5 |       0 |     130 | 100.0 |       0 |       1 | 100.0
            +---------+---------+-------+---------+---------+-------
